 Dungeon Crawl Stone Soup version 0.31-a0-1447-g87ca8d402b (webtiles) character file.

Game seed: 7865048421134895264

343 gruber the Destroyer (level 6, 0/32 HPs)
             Began as a Deep Elf Conjurer on Dec 27, 2023.
             Slain by a black bear (5 damage)
             ... on level 4 of the Dungeon.
             The game lasted 00:02:43 (3260 turns).

gruber the Destroyer (Deep Elf Conjurer)            Turns: 3260, Time: 00:02:43

Health: 0/32       AC:  4    Str:  6    XL:     6   Next: 31%
Magic:  6/12       EV: 12    Int: 25    God:
Gold:   177        SH:  0    Dex: 13    Spells: 8/11 levels left

rFire   . . .        s - +8 hand axe of Outrage {heavy, Str+2}
rCold   + . .        (no shield)
rNeg    . . .        a - +0 robe
rPois   +            g - +0 helmet
rElec   .            (no cloak)
rCorr   .            n - +0 pair of gloves
SInv    .            (no boots)
Will    .....        (no amulet)
Stlth   ++           k - ring of poison resistance
HPRegen 0.25/turn    o - ring of protection from cold
MPRegen 0.13/turn

%: no passive effects
@: no status effects
A: no striking features
a: no special abilities


You were on level 4 of the Dungeon.
You visited 1 branch of the dungeon, and saw 4 of its levels.

You collected 177 gold pieces.

Inventory:

Hand Weapons
 s - the +8 hand axe of Outrage (weapon) {heavy, Str+2}
   (You found it on level 3 of the Dungeon)

   Str+2:     It affects your strength (+2).
Armour
 a - a +0 robe (worn)
 g - a +0 helmet (worn)
 n - a +0 pair of gloves (worn)
Jewellery
 k - a ring of poison resistance (left hand)
 o - a ring of protection from cold (right hand)
Wands
 q - a wand of light (11)
Scrolls
 c - 2 scrolls of vulnerability {unknown}
 d - 4 scrolls of identify {unknown}
 f - 2 scrolls of revelation {unknown}
 h - a scroll of enchant weapon {unknown}
 l - a scroll of torment {unknown}
 m - a scroll of enchant armour {unknown}
 p - a scroll of butterflies {unknown}
 t - a scroll of teleportation {unknown}
 u - a scroll of poison {unknown}
Potions
 b - a potion of magic
 e - a potion of berserk rage {unknown}
 i - 3 potions of enlightenment {unknown}
 j - a potion of might {unknown}
 r - a potion of attraction {unknown}


   Skills:
 - Level 2.4 Dodging
 - Level 2.4 Stealth
 - Level 3.0 Spellcasting
 + Level 8.4 Conjurations


You had 8 spell levels left.
You knew the following spells:

 Your Spells              Type           Power      Damage    Failure   Level
a - Magic Dart            Conj           100%       1d8       1%          1
b - Searing Ray           Conj           92%        2d7       1%          2

Your spell library contained the following spells:

 Spells                   Type           Power      Damage    Failure   Level
 Sting                    Conj/Alch      96%        1d9       1%          1
 Apportation              Tloc           6%         N/A       10%         1
 Necrotise                Necr           12%        1d4       10%         1
 Summon Small Mammal      Summ           12%        N/A       10%         1
 Fulminant Prism          Conj/Alch      12%        3d8       19%         4
 Iskenderun's Mystic Bla  Conj/Tloc      24%        2d7       19%         4
 Ignite Poison            Fire/Alch      3%         N/A       69%         4
 Sticky Flame             Fire/Alch      3%         2d4       69%         4
 Ignition                 Fire           1%         3d3       100%        8


Dungeon Overview and Level Annotations

Branches:
Dungeon (4/15)
 Temple: D:4-7

Altars:

Shops:
D:2 [

Annotations:
D:3 1 runed translucent door


Message History

The black bear closely misses you.
The black bear claws you but does no damage.
The black bear claws you.
There is an open door here.
You see here a jackal corpse.
You slash the black bear!
The black bear is moderately wounded.
The black bear completely misses you. The black bear claws you.
The black bear claws you but does no damage.
The black bear misses you.
The black bear claws you but does no damage. x2
Unknown command.
Unknown command.
Casting: Magic Dart (safe; 1% risk of failure)
Confirm with . or Enter, or press ? or * to list all spells.
Aiming: Searing Ray (safe; 1% risk of failure)
Press: ? - help, Shift-Dir - straight line, f - black bear
Aim: a black bear (moderately wounded, 87% to hit)
The searing ray hits the black bear.
The black bear is severely wounded. (Press . to maintain the ray.)
The black bear bites you.
The black bear claws you but does no damage.
The black bear misses you.
Unknown command.
The searing ray hits the black bear.
The black bear is severely wounded.
The black bear goes berserk!
The searing ray misses the black bear.
The black bear barely misses you.
The black bear claws you but does no damage.
The black bear barely misses you. The black bear bites you!
The black bear claws you.
* * * LOW HITPOINT WARNING * * *
The black bear barely misses you.
The searing ray hits the black bear!
The black bear is almost dead.
You finish channelling your searing ray.
The black bear bites you but does no damage.
The black bear claws you.
You die...

..# ......# #...#.....#
....... #...#.....+
......# #...#.....#
......###+###...#.....#
......##........#.....#
......##........#.....#
.....†..........#.....##
................@h......
......##...##...#.......
......###########.......
......##...[#...#.......
......##....#...#.......
.......#....'...#.......
.......#....#...#.......
......##...######.......
......##...##...#


You could see a black bear (berserk).

Vanquished Creatures
  The ghost of Chqr the Cutter, an amateur DsBe of Trog (D:3)
  A bullfrog (D:3)
  A jelly (D:4)
  Jessica (D:2)
  3 gnolls (D:3)
  3 adders (D:3)
  4 worms
  3 dart slugs
  3 orcs (D:3)
  5 bats
  5 endoplasms
  A giant cockroach (D:1)
  A goblin (D:2)
  7 hobgoblins
  5 jackals (D:4)
  3 quokkas
  6 ball pythons
  A frilled lizard (D:2)
  2 kobolds (D:1)
  5 rats
61 creatures vanquished.

Notes
Turn   | Place    | Note
-------+----------+-------------------------------------------
     0 | D:1      | gruber the Deep Elf Conjurer began the quest for the Orb.
     0 | D:1      | Reached XP level 1. HP: 10/10 MP: 6/6
   527 | D:1      | Reached XP level 2. HP: 15/15 MP: 6/8
   745 | D:1      | Reached skill level 5 in Conjurations
  1320 | D:2      | Noticed Jessica
  1322 | D:2      | Killed Jessica
  1323 | D:2      | Reached XP level 3. HP: 19/19 MP: 6/9
  1326 | D:2      | Learned a level 2 spell: Searing Ray
  1484 | D:2      | Reached skill level 6 in Conjurations
  1772 | D:2      | Found Xenuixak's Armour Shoppe.
  1775 | D:2      | Reached XP level 4. HP: 24/24 MP: 6/10
  2524 | D:3      | Identified the +8 hand axe of Outrage {heavy, Str+2}
  2579 | D:3      | Found a runed translucent door.
  2675 | D:3      | Found a runed translucent door.
  2676 | D:3      | Noticed a bullfrog
  2676 | D:3      | Noticed Chqr's ghost (amateur DsBe)
  2916 | D:3      | Killed a bullfrog
  2917 | D:3      | Reached skill level 7 in Conjurations
  2917 | D:3      | Reached XP level 5. HP: 28/28 MP: 5/11
  2924 | D:3      | Killed Chqr's ghost
  2925 | D:3      | Reached skill level 8 in Conjurations
  2925 | D:3      | Reached XP level 6. HP: 22/32 MP: 1/12
  3260 | D:4      | Slain by a black bear

Illustrated notes

Levels and vault maps discovered:
D:1:      heliophobic_arrival_enchanted_forest, layout_basic
D:2:      layout_rooms, serial_shops, nicolae_shop_rolling_square, uniq_jessica
D:3:      layout_loops_ring, ebering_ghost_sewer_f, kennysheep_generic_room_8
D:4:      layout_gridville, grunt_ministairs_8

Skill      XL: |  1  2  3  4  5 |
---------------+----------------+-----
Conjurations   | 5 6 7 8 |  8.4
Dodging        | |  2.4
Stealth        | |  2.4
Spellcasting   | |  3.0

Action                     |  1- 3 |  4- 6 || total
---------------------------+-------+-------++-------
  Melee: Hand axe          |       |    12 ||    12
   Cast: Magic Dart        |    74 |    40 ||   114
         Searing Ray       |     1 |     6 ||     7
 Armour: Robe              |     2 |    30 ||    32
  Dodge: Dodged            |     2 |    24 ||    26

Table legend: (Time is in decaauts)
 A = Elapsed time spent in this place.
 B = Non-inter-level travel time spent in this place.
 C = Inter-level travel time spent in this place.
 D = Time resting spent in this place.
 E = Time spent auto-exploring this place.
 F = Levels seen in this place.
 G = Mean time per level.
                   A        B        C        D        E       F      G
               +--------+--------+--------+--------+--------+-----+--------+
         Total |   3275 |   3065 |    210 |     67 |   2671 |   4 |  818.8 |
       Dungeon |   3275 |   3065 |    210 |     67 |   2671 |   4 |  818.8 |
               +--------+--------+--------+--------+--------+-----+--------+

Top non-repeatable levels by time:
     D:3: 1148 daAuts
     D:1: 1110 daAuts
     D:2: 804 daAuts
     D:4: 212 daAuts
